Selects Luftwaffe Battlegroup
Selects Luftwaffe Battlegroup
Selects Italian Coastal Battlegroup
Selects Luftwaffe Battlegroup
Construct Infanterie Kompanie
Selects Luftwaffe Pioneer Support
Construct Luftwaffe Kompanie
Selects LG40 Recoilless Gun Paradrop
Flak 30 Anti-aircraft Gun Team
Luftwaffe Officer Quarters
Infanterie Officer Quarters
Selects Flak 36 Anti-tank Gun Emplacement
Construct Panzergrenadier Kompanie
Selects Stuka Strafing Run
Selects Fallschirmjäger Squad Paradrop